 Dungeon Crawl Stone Soup version 0.27.1-33-g824d729ab1 (webtiles) character file.

Game seed: 8610027961656600423

7 walnutcon the Insei (level 1, -2/15 HPs)
             Began as a Demonspawn Transmuter on Dec 15, 2021.
             Frozen to death by an endoplasm (5 damage)
             ... on level 1 of the Dungeon.
             The game lasted 00:01:50 (218 turns).

walnutcon the Insei (Demonspawn Transmuter)          Turns: 218, Time: 00:01:52

Health: -2/15      AC:  2    Str: 10    XL:     1   Next: 83%
Magic:  2/3        EV: 12    Int: 14    God:
Gold:   0          SH:  0    Dex: 13    Spells: 3/4 levels left

rFire    . . .     SeeInvis .     - Unarmed
rCold    . . .     Faith    .   (no shield)
rNeg     . . .     Spirit   .   a - +0 robe
rPois    .         Reflect  .   (no helmet)
rElec    .         Harm     .   (no cloak)
rCorr    .         Rampage  .   (no gloves)
Will     .....                  (no boots)
Stlth    +.........             (no amulet)
HPRegen  0.05/turn              (no ring)
MPRegen  0.08/turn              (no ring)

@: very slightly contaminated
A: no striking features
a: no special abilities


You were on level 1 of the Dungeon.
You visited 1 branch of the dungeon, and saw 1 of its levels.

Inventory:

Armour
 a - a +0 robe (worn)
Scrolls
 b - a scroll of fog {unknown}


   Skills:
 - Level 1.0 Fighting
 - Level 1.7 Dodging
 - Level 2.6 Unarmed Combat
 - Level 2.0 Spellcasting
 * Level 2.4 Transmutations


You had 3 spell levels left.
You knew the following spells:

 Your Spells              Type           Power      Damage    Failure   Level
a - Beastly Appendage     Tmut           16%        N/A       9%          1

Your spell library contained the following spells:

 Spells                   Type           Power      Damage    Failure   Level
 Wereblood                Tmut           8%         N/A       14%         2
 Spider Form              Tmut/Pois      2%         N/A       41%         3
 Ice Form                 Ice/Tmut       4%         N/A       82%         4


Dungeon Overview and Level Annotations

Branches:
Dungeon (1/15)

Altars:


Message History

You barely miss the endoplasm.
The endoplasm is severely wounded.
The endoplasm hits you.
You hit the endoplasm.
The endoplasm is almost dead.
The endoplasm misses you.
You hit the endoplasm.
You kill the endoplasm!
You barely miss the ball python.
Your transformation is almost over.
The ball python completely misses you. The ball python grabs you.
The ball python constricts you. The ball python closely misses you.
The ball python constricts you.
You barely miss the ball python. You headbutt the ball python.
You kill the ball python!
You completely miss the goblin. Your kick misses the goblin.
The goblin hits you with a +0 club.
You hit the goblin but do no damage. The goblin barely misses you.
You barely miss the goblin. Your kick misses the goblin.
The goblin hits you with a +0 club.
You hit the goblin.
You kill the goblin!
You hit the endoplasm but do no damage.
You headbutt the endoplasm, but do no damage.
The endoplasm hits you.
* * * LOW HITPOINT WARNING * * *
Your horns disappear.
Your talons disappear.
Attack: -) Nothing wielded
Press: ? - help, Dir - move target, f - endoplasm
Aim: an endoplasm (about 15% to evade your hands)
Okay, then.
Unknown command.
Casting: Beastly Appendage (safe; 9% risk of failure)
Confirm with . or Enter, or press ? or * to list all spells.
You miscast Beastly Appendage.
You are very lightly contaminated with residual magic.
Nothing appears to happen.
The endoplasm freezes you.
You are frozen.
You die...

#.........# #.#...
#..^.†....# ##.#...
#..†......# ####..g..#
#.........###.....#..#
##.......##...##r.#.##
##....K.r..##...##.#
#..#####.....###..#
##.J.# #..#### .##
♣♣♣.@.♣♣♣.... .
♣♣.......♣♣..... ##
♣♣.........♣♣.....#
♣....♣.♣....♣......
♣.....⌠.....♣......
♣....♣.♣...♣#......
♣♣..........♣
♣♣.....♣#.<♣
♣♣♣♣♣♣♣♣♣♣#


You could see an endoplasm.

Vanquished Creatures
  2 endoplasms (D:1)
  A hobgoblin (D:1)
  A ball python (D:1)
  A bat (D:1)
  A frilled lizard (D:1)
  A goblin (D:1)
7 creatures vanquished.

Notes
Turn   | Place    | Note
-------+----------+-------------------------------------------
     0 | D:1      | walnutcon the Demonspawn Transmuter began the quest for the
                  | Orb.
     0 | D:1      | Reached XP level 1. HP: 15/15 MP: 3/3
   218 | D:1      | Frozen to death by an endoplasm

Illustrated notes

Levels and vault maps discovered:
D:1:      amcnicky_arrival_underground_garden, layout_rooms, serial_shops,
          nicolae_square_shop, dreamdust_ecumenical_altar_grove

Skill      XL: |  1 |
---------------+----+-----
Transmutations | 2 |  2.4
Fighting       | |  1.0
Dodging        | |  1.7
Unarmed Combat | |  2.6
Spellcasting   | |  2.0

Action                   || total
-------------------------++-------
Melee: Unarmed           ||    22
       Headbutt          ||     3
       Kick              ||     1
 Cast: Beastly Appendage ||     2
Dodge: Dodged            ||    13
